 Dungeon Crawl Stone Soup version 0.26.1-2-gb8aa6d0cf2 (webtiles) character file.

Game seed: 17820262979889777622

279 H0rd4k the Charlatan (level 6, -1/45 HPs)
             Began as a Human Artificer on Mar 16, 2021.
             Slain by a gnoll
             ... wielding a +0 spear
              (9 damage)
             ... on level 4 of the Dungeon.
             The game lasted 00:03:17 (3935 turns).

H0rd4k the Charlatan (Human Artificer)              Turns: 3935, Time: 00:03:17

Health: -1/45      AC:  3    Str: 14    XL:     6   Next: 52%
Magic:  6/6        EV: 12    Int: 12    God:
Gold:   215        SH:  5    Dex: 13    Spells: 5/5 levels left

rFire    . . .     SeeInvis .   g - +0 dagger
rCold    . . .     Faith    .   (no shield)
rNeg     . . .     Spirit   .   b - +0 leather armour
rPois    .         Reflect  +   (no helmet)
rElec    .         Harm     .   (no cloak)
rCorr    .         Rampage  .   (no gloves)
Will     .....                  (no boots)
Stlth    ++........             p - amulet of reflection
HPRegen  0.15/turn              (no ring)
MPRegen  0.10/turn              (no ring)

@: no status effects
A: no striking features
a: no special abilities


You were on level 4 of the Dungeon.
You visited 1 branch of the dungeon, and saw 4 of its levels.

You collected 215 gold pieces.

Inventory:

Hand Weapons
 a - a +0 club
 g - a +0 dagger (weapon)
Armour
 b - a +0 leather armour (worn)
Jewellery
 p - an amulet of reflection (around neck)
Wands
 c - a wand of flame (5) (quivered)
 d - a wand of enslavement (14)
 e - a wand of random effects (12)
Scrolls
 h - 3 scrolls of enchant armour {unknown}
 i - 6 scrolls of teleportation {unknown}
 k - a scroll of identify
 m - 2 scrolls of remove curse
 r - a scroll of magic mapping {unknown}
 t - a scroll of blinking {unknown}
 w - a scroll of fear {unknown}
Potions
 f - a potion of lignification
 j - a potion of magic {unknown}
 l - a potion of degeneration {unknown}
 n - a potion of brilliance {unknown}
 o - 2 potions of might {unknown}
 q - a potion of berserk rage {unknown}
 s - a potion of haste {unknown}
 u - a potion of curing {unknown}
 v - 2 potions of flight {unknown}


   Skills:
 + Level 2.3 Fighting
 + Level 2.8 Short Blades
 + Level 3.0 Armour
 + Level 2.1 Dodging
 + Level 2.1 Stealth
 + Level 0.1 Shields
 + Level 4.0 Evocations


You had 5 spell levels left.
You didn't know any spells.
Your spell library was empty.

Dungeon Overview and Level Annotations

Branches:
Dungeon (4/15)
 Temple: D:4-7

Altars:
Fedhas
Qazlal
Uskayaw


Message History

The gnoll is heavily wounded.
The gnoll hits you from afar with a +0 spear.
The gnoll barely misses you.
You hit the gnoll but do no damage.
The gnoll is heavily wounded.
You block the gnoll's attack.
You closely miss the gnoll.
The gnoll is heavily wounded.
The gnoll hits you with a +0 flail.
* * * LOW HITPOINT WARNING * * *
The gnoll closely misses you.
You barely miss the gnoll.
The gnoll is heavily wounded.
The gnoll hits you from afar with a +0 spear.
* * * LOW HITPOINT WARNING * * *
You block the gnoll's attack.
You hit the gnoll.
The gnoll is heavily wounded.
The gnoll hits you from afar with a +0 spear!
You die...

.hg.....?...h..
.........h.....
#.# #.....g... #
..# #.# #.########
###.### #.# #.#
......# #.# #h#
.###..# #.# #g#
.#.<..# #.# #g#
รท#....## #.# #@#
.####..#####.###.#
.................#
...###.###...#####
...# #.# #...#
...# #.. #...#
...# ##.####.#
.>.# .# ... ...#
.. ....


You could see 2 gnolls and a jackal.

Vanquished Creatures
  Sigmund (D:2)
  Robin (D:3)
  4 adders
  A white imp (D:4)
  2 dart slugs (D:1)
  5 leopard geckos
  An orc (D:3)
  A giant cockroach (D:1)
  12 goblins
  6 hobgoblins
  5 jackals
  2 quokkas (D:3)
  4 bats (D:1)
  A frilled lizard (D:1)
  A giant cockroach zombie (D:3)
  4 kobolds
  4 rats
55 creatures vanquished.

Vanquished Creatures (collateral kills)
  5 goblins (D:3)
  A hobgoblin (D:3)
6 creatures vanquished.

Grand Total: 61 creatures vanquished

Notes
Turn   | Place    | Note
-------+----------+-------------------------------------------
     0 | D:1      | H0rd4k the Human Artificer began the quest for the Orb.
     0 | D:1      | Reached XP level 1. HP: 15/15 MP: 1/1
   282 | D:1      | Reached XP level 2. HP: 8/21 MP: 2/2
  1360 | D:2      | Reached XP level 3. HP: 13/26 MP: 3/3
  1612 | D:2      | Noticed Sigmund
  1615 | D:2      | Killed Sigmund
  1616 | D:2      | Reached skill level 4 in Evocations
  1616 | D:2      | Reached XP level 4. HP: 28/33 MP: 4/4
  1616 | D:2      | Reached XP level 5. HP: 32/38 MP: 5/5
  1943 | D:2      | Reached XP level 6. HP: 44/44 MP: 6/6
  2003 | D:2      | Found a blossoming altar of Fedhas.
  2119 | D:2      | Found a stormy altar of Qazlal.
  2451 | D:3      | Noticed Robin
  2525 | D:3      | Your ally died
  3172 | D:3      | Found a hide-covered altar of Uskayaw.
  3935 | D:4      | Slain by a gnoll

Illustrated notes

Levels and vault maps discovered:
D:1:      minmay_arrival_stair_chambers, layout_loops_ring, minmay_pentomino_q4
D:2:      layout_loops_ring, nicolae_overflow_crystal_walls,
          grunt_qazlal_clouds, uniq_sigmund
D:3:      layout_basic, eat_drink_and_be_merry_uskayaw, serial_glass,
          glass_columns_b, glass_columns_a, glass_columns_a, glass_columns_c,
          glass_columns_b, glass_columns_a, glass_columns_a, glass_columns_c,
          uniq_robin
D:4:      lemuel_castle_with_subvaults [lemuel_castle_interior_carwin_3],
          layout_basic

Skill      XL: |  1  2  3  4  5  6 |
---------------+-------------------+-----
Fighting       | 2 |  2.3
Short Blades   | 2 |  2.8
Evocations     | 4 |  4.0
Stealth        | 2 |  2.1
Dodging        | 2 |  2.1
Armour         | 3 |  3.0
Shields        | |  0.1

Action                   |  1- 3 |  4- 6 || total
-------------------------+-------+-------++-------
Melee: Dagger            |    86 |   251 ||   337
       Club              |     2 |       ||     2
Evoke: Wand              |     3 |    11 ||    14
  Use: Scroll            |       |     2 ||     2
 Stab: Sleeping          |     2 |       ||     2
       Betrayed ally     |       |     1 ||     1
Armor: Leather armour    |    28 |    33 ||    61
Dodge: Dodged            |    48 |   126 ||   174
Block: Other             |       |    44 ||    44
